 Dungeon Crawl Stone Soup version 0.22-a0-63-geddfa9b (webtiles) character file.

34 Alarkh the Insei (level 3, 21/29 HPs)
             Began as a Demonspawn Monk on Jan 10, 2018.
             Was a Believer of Okawaru.
             Got out of the dungeon alive.
             The game lasted 00:01:20 (1385 turns).

Alarkh the Insei (Demonspawn Monk)                  Turns: 1385, Time: 00:01:20

Health: 21/29      AC:  2    Str: 11    XL:     3   Next: 14%
Magic:  3/3        EV: 13    Int: 12    God:    Okawaru [**....]
Gold:   27         SH:  0    Dex: 15    Spells: 2/2 levels left

rFire    . . .     SeeInvis .     - Unarmed
rCold    + . .     Gourm    .   (no shield)
rNeg     . . .     Faith    .   a - +0 robe
rPois    .         Spirit   .   (no helmet)
rElec    .         Reflect  .   (no cloak)
rCorr    .         Harm     .   (no gloves)
MR       .....                  (no boots)
Stlth    ++........             (no amulet)
HPRegen  0.09/turn              h - ring of protection from cold
MPRegen  0.08/turn              (no ring)

@: no status effects
A: talons 1, rot immunity
a: Heroism, Renounce Religion


You escaped.
You worshipped Okawaru.
Okawaru was pleased with you.
You were not hungry.

You visited 1 branch of the dungeon, and saw 2 of its levels.

You collected 27 gold pieces.

Inventory:

Armour
 a - a +0 robe (worn)
Jewellery
 h - a ring of protection from cold (left hand)
Scrolls
 c - 2 scrolls of teleportation
 e - a scroll of identify {unknown}
 g - a scroll of fog {unknown}
Potions
 d - 2 potions of lignification {unknown}
 f - 2 potions of agility {unknown}
Comestibles
 b - 2 rations
 i - a chunk of flesh


   Skills:
 - Level 3.0 Fighting
 - Level 2.6 Dodging
 - Level 1.7 Stealth
 + Level 3.9 Unarmed Combat


You had 2 spell levels left.
You didn't know any spells.

Dungeon Overview and Level Annotations

Branches:
Dungeon (2/15)

Altars:
Okawaru


Innate Abilities, Weirdness & Mutations

You have sharp toenails.
You are immune to rotting.


Message History

Saving game... please wait.
Welcome back, Alarkh the Demonspawn Monk.
Okawaru says: Bring me glory in combat!
Press ? for a list of commands and other information.
You feel sick.
You feel sick.
You feel sick.
You feel sick.
You feel sick.
You are no longer poisoned.
There is a stone staircase leading up here.
You climb upwards.
There is a stone staircase leading down here.
There is a stone staircase leading down here.
You see here 14 stones.
You enter the shallow water.
Moving in this stuff is going to be slow.
There is a staircase leading out of the dungeon here.
Are you sure you want to leave the Dungeon?
This will make you lose the game!
You have escaped!

#.# #.### #.# #.# #.# #.#
#####################.###
#≈≈≈≈≈≈≈≈≈§≈§≈§≈#........
#≈≈≈≈≈.....§≈≈§≈#.###.##.
#≈≈....≈≈≈.§..§≈#.# #.###
#≈...≈≈≈.≈≈≈...≈#.# #....
#≈..≈≈..@.≈≈≈.....# #####
#≈...≈≈≈.≈≈≈...≈###
#≈≈....≈≈≈.§§.≈≈#
#≈≈≈≈§.....≈§≈≈≈#
#≈≈§§§§≈≈≈§§≈≈≈≈#
#################


There were no monsters in sight!

Vanquished Creatures
  An adder (D:2)
  3 dart slugs
  5 bats
  A goblin (D:2)
  2 hobgoblins (D:1)
  4 kobolds
  A frilled lizard (D:1)
  2 rats (D:2)
19 creatures vanquished.

Notes
Turn   | Place    | Note
-------+----------+-------------------------------------------
     0 | D:1      | Alarkh the Demonspawn Monk began the quest for the Orb.
     0 | D:1      | Reached XP level 1. HP: 18/18 MP: 1/1
   268 | D:1      | Gained mutation: You have sharp toenails. [demonic ancestry]
   268 | D:1      | Reached XP level 2. HP: 20/24 MP: 2/2
   599 | D:1      | Found an iron altar of Okawaru.
   606 | D:1      | Became a worshipper of Warmaster Okawaru
   606 | D:1      | Reached * piety under Okawaru
   606 | D:1      | Reached ** piety under Okawaru
  1295 | D:2      | Gained mutation: You are immune to rotting. [demonic ancestry]
  1295 | D:2      | Reached XP level 3. HP: 19/29 MP: 3/3
  1385 | D:$      | Got out of the dungeon alive.

Vault maps used:
D:1:      dpeg_arrival_shrine, okawaru_ov_weapons_minmay
D:2:      first_ration

Skill      XL: |  1 |
---------------+----+-----
Unarmed Combat | 3 |  3.9
Fighting       | |  3.0
Dodging        | |  2.6
Stealth        | |  1.7

Action                   || total
-------------------------++-------
Melee: Unarmed           ||    59
       Kick              ||     6
  Use: Scroll            ||     1
 Stab: Sleeping          ||     4
  Eat: Chunk             ||     1
Armor: Robe              ||    13
Dodge: Dodged            ||    41

Table legend:
 A = Spawn XP
 B = Non-spawn XP
 C = Spawn XP percentage of total XP
 D = Spawn monster count
 E = Non-spawn monster count
 F = Spawn count percentage of total count
 G = Total turns spent on level
                    A         B        C        D         E        F      G
               +---------+---------+-------+---------+---------+-------+---------
         Total |       0 |      49 |   0.0 |       0 |      19 |   0.0 |  1385
               +---------+---------+-------+---------+---------+-------+---------
           D:1 |       0 |      24 |   0.0 |       0 |      11 |   0.0 |  1218
           D:2 |       0 |      25 |   0.0 |       0 |       8 |   0.0 |   167
               +---------+---------+-------+---------+---------+-------+---------
